 Dungeon Crawl Stone Soup version 0.21.0-25-ge575cb9 (webtiles) character file.

83629 sanboga the Executioner (level 15, -7/214 HPs)
             Began as a Minotaur Berserker on Jan 25, 2018.
             Was the Champion of Trog.
             Mangled by a skeletal warrior
             ... wielding a +0 trident
             ... led by a skeletal warrior
              (8 damage)
             ... on level 15 of the Dungeon.
             The game lasted 00:46:44 (24597 turns).

sanboga the Executioner (Minotaur Berserker)       Turns: 24597, Time: 00:46:44

Health: -7/214     AC: 21    Str: 32    XL:     15   Next: 32%
Magic:  3/14       EV: 10    Int:  4    God:    Trog [******]
Gold:   1189       SH:  5    Dex: 11    Spells: 14/14 levels left

rFire    + . .     SeeInvis +   H - +5 broad axe (chop)
rCold    + . .     Gourm    +   E - +0 buckler
rNeg     + . .     Faith    .   N - +4 plate armour {rC+}
rPois    .         Spirit   .   a - +2 hat
rElec    .         Reflect  .   P - +1 cloak {MR+}
rCorr    .         Harm     .   G - +2 pair of gloves
MR       ++...                  (no boots)
Stlth    ..........             r - amulet of the gourmand
HPRegen  0.45/turn              g - ring of positive energy
MPRegen  0.14/turn              p - ring of see invisible

@: berserking, corroded, very quick
A: retaliatory headbutt, hooves 1, horns 2, fire resistance 1, no potion heal 1
a: Berserk, Trog's Hand, Brothers in Arms, Burn Spellbooks, Renounce Religion


You were on level 15 of the Dungeon.
You worshipped Trog.
Trog was exalted by your worship.
You were very full.

You visited 3 branches of the dungeon, and saw 23 of its levels.
You also visited: Sewer and Volcano.

You collected 2389 gold pieces.
You spent 1200 gold pieces at shops.

Inventory:

Hand Weapons
 H - a +5 broad axe of chopping (weapon)
 I - a +3 antimagic broad axe
 O - a +0 antimagic broad axe
Armour
 a - a +2 hat (worn)
 z - a scarf of resistance
 E - a +0 buckler (worn)
 G - a +2 pair of gloves (worn)
 N - a +4 plate armour of cold resistance (worn)
 P - a +1 cloak of magic resistance (worn)
Jewellery
 g - a ring of positive energy (left hand)
 p - a ring of see invisible (right hand)
 r - an amulet of the gourmand (around neck)
Wands
 i - a wand of paralysis (27)
 j - a wand of random effects (134)
 t - a wand of disintegration (5)
 u - a wand of digging (28)
 w - a wand of flame (99)
 y - a wand of polymorph (5)
 J - a wand of clouds (10)
Scrolls
 m - 12 scrolls of teleportation
 o - 9 scrolls of remove curse
 v - 10 scrolls of identify
 x - 4 scrolls of enchant weapon
 F - 2 scrolls of fear
 S - a scroll of enchant armour
Potions
 d - 3 potions of lignification
 f - 4 potions of agility
 h - 2 potions of haste
 l - 4 potions of curing
 n - 4 potions of flight
 q - 6 potions of resistance
 s - 4 potions of heal wounds
 A - 3 potions of brilliance
 B - 2 potions of might
 C - 2 potions of berserk rage
 D - a potion of magic
 K - 4 potions of mutation
 M - a potion of ambrosia
 R - a potion of cancellation {unknown}
Miscellaneous
 e - a lightning rod (4/4)
 k - 2 phantom mirrors
 L - a sack of spiders
 T - a box of beasts
Comestibles
 b - 7 chunks of flesh
 c - 40 rations


   Skills:
 + Level 15.9 Fighting
 * Level 21.0 Axes
 + Level 15.7 Armour
 - Level 2.7 Dodging
 + Level 6.0 Shields


You had 14 spell levels left.
You didn't know any spells.

Dungeon Overview and Level Annotations

Branches:
Dungeon (15/15)            Temple (0/1) D:4            Lair (6/6) D:11
 Shoals (0/4) Lair:3       Spider (0/4) Lair:2        Slime (0/5) Lair:6
    Orc (2/2) D:9             Elf (0/3) Orc:2        Vaults (0/5) D:13
 Depths (0/5) D:15

Altars:
Cheibriados
Gozag
Hepliaklqana
Nemelex Xobeh
Wu Jian
Xom
The Shining One
Beogh

Shops:
D:13 *   Orc:2 (=[*

Portals:
Trove: D:14 (show slimy rune of Zot)


Innate Abilities, Weirdness & Mutations

You reflexively headbutt those who attack you in melee.
You have a pair of horns on your head.
You have large cloven feet.
Your flesh is heat resistant. (rF+)
Potions are less effective at restoring your health.


Message History

You slice the cyan ugly thing!! You kick the cyan ugly thing!
Your headbutt misses the cyan ugly thing.
The cyan ugly thing is heavily wounded.
You hit the skeletal warrior. You slash the skeletal warrior!
You destroy the skeletal warrior!
Trog accepts your kill.
Your Axes skill increases to level 21!
The cyan ugly thing barely misses you.
You slice the skeletal warrior!! Your kick misses the skeletal warrior.
You headbutt the skeletal warrior, but do no damage.
The skeletal warrior is almost destroyed.
You slice the cyan ugly thing!!
You kill the cyan ugly thing!
Trog accepts your kill.
You slash the skeletal warrior!
You destroy the skeletal warrior!
Trog accepts your kill.
Your Shields skill increases to level 6!
The skeletal warrior hits you from afar with a trident!
You die...

,,* *,,,******#...# *....,,,,*
,,****,,,* #...####....,,,,*
,,,,,,,,,#######...........,,,,*
,,,,,,,,,..................,,,,*
,,,,,,,,,..................,,,,*
,,,,,,,,,..................,,,,*
,,,,,,,,,.......††.........,,,,*
,,,,,,,,,....zc).(.<.......,,,,*
,,,,,,,,,.....z)@†.........,,,,*
,,,,,,,,,.....z))..........,,,,*
,,,,,,,,,.....uz...........,,,,*
,,,***,,,..c...#####...####***,*
,,,* *,,,......* *...# *,*
,,,***,,,......* *...# *,*
,,,,,,,,,...u..*****...#******,*
,,,,,,,,,.....,,,,,,,,,,,,,,,,,*
,,,,,,,,,,,,,,,,,,,,,,,,,,,,,,,*


You could see 2 ugly things, 4 skeletal warriors and 2 yaktaurs.

Vanquished Creatures
  An orc warlord (Orc:1)
  Azrael (D:13)
  2 fire dragons
  8 hydras
  A catoblepas (Lair:6)
  2 centaur warriors (D:13)
  3 death yaks (Lair:6)
  A hell hog (Volcano)
  An orc high priest (Orc:2)
  Urug (D:10)
  A fire crab (Lair:6)
  Nergalle (Orc:2)
  9 skeletal warriors
  A deep troll (D:13)
  An unseen horror (D:13)
  An unseen horror (shapeshifter) (D:11)
  A wizard (D:14)
  A lindwurm (Lair:6)
  4 orc knights
  3 orc sorcerers
  A salamander (shapeshifter) (D:14)
  A cyclops (D:14)
  12 ugly things
  The ghost of anacleto the Black Sun, a novice DsNe of Kikubaaqudgha (D:8)
  2 manticores (Lair:6)
  A centaur zombie (D:14)
  6 elephants
  15 spiny frogs
  6 black mambas
  Maurice (D:13)
  A gargoyle (D:14)
  A torpor snail (Lair:6)
  2 rime drakes
  A yaktaur (D:15)
  2 kobold demonologists
  2 efreet
  6 komodo dragons
  A yaktaur (shapeshifter) (D:13)
  6 trolls
  A meliai (shapeshifter) (D:13)
  A queen bee (D:9)
  4 polar bears
  A hippogriff (shapeshifter) (D:15)
  14 dream sheep
  9 blink frogs
  2 meliai zombies
  10 hippogriffs
  48 yaks
  A vampire (D:14)
  2 shadows
  6 wyverns
  2 wraiths
  4 basilisks
  A hungry ghost (D:11)
  6 fire bats (Volcano)
  2 fire elementals (D:13)
  3 vampire mosquitoes (D:12)
  A steam dragon (Lair:2)
  3 wargs
  12 water moccasins
  Duvessa (D:6)
  7 hell hounds
  28 orc warriors
  11 porcupines
  2 black bears
  A swamp drake (D:11)
  An eye of draining (D:15)
  A sky beast (D:8)
  3 ice beasts
  4 phantoms
  16 ogres
  12 wolves (Lair:4)
  10 centaurs
  19 crocodiles
  8 big kobolds
  22 bullfrogs
  5 gnoll sergeants (D:9)
  Dowan (D:6)
  2 wyvern zombies
  A wyvern skeleton (D:12)
  4 scorpions
  17 killer bees
  4 wights (D:7)
  6 howler monkeys
  3 electric eels (Lair:2)
  3 crimson imps
  2 bullfrog zombies
  2 quasits
  9 hounds
  2 jellies
  21 orc wizards
  A bullfrog skeleton (D:6)
  25 orc priests
  A centaur skeleton (D:8)
  3 iguanas
  11 worker ants
  A hell rat (Lair:6)
  2 hound zombies
  2 hound skeletons
  13 adders
  8 gnolls
  A howler monkey skeleton (D:7)
  A shadow imp (D:10)
  11 oozes (Sewer)
  2 adder skeletons
  5 worms
  4 dart slugs
  19 leopard geckos
  100 orcs
  19 giant cockroaches
  15 goblins
  9 hobgoblins
  15 jackals
  25 kobolds
  3 quokkas
  10 ball pythons (Sewer)
  3 bats
  11 frilled lizards
  A leopard gecko skeleton (D:6)
  A quokka skeleton (D:8)
  7 rats
  A butterfly (Lair:1)
  7 fungi
  9 plants
819 creatures vanquished.

Vanquished Creatures (others)
  A vampire (D:11)
  11 fungi
12 creatures vanquished.

Grand Total: 831 creatures vanquished

Notes
Turn   | Place    | Note
-------+----------+-------------------------------------------
     0 | D:1      | sanboga the Minotaur Berserker began the quest for the Orb.
     0 | D:1      | Reached XP level 1. HP: 19/19 MP: 0/0
    36 | D:1      | Reached XP level 2. HP: 24/27 MP: 1/1
   273 | D:1      | Reached skill level 4 in Axes
   280 | D:1      | Reached ** piety under Trog
   331 | D:1      | Reached XP level 3. HP: 32/33 MP: 2/2
   799 | D:2      | Found an opulent altar of Gozag.
   806 | D:2      | Reached XP level 4. HP: 29/40 MP: 3/3
  1103 | D:2      | Found a faded altar of an unknown god.
  1110 | D:2      | Reached *** piety under Trog
  1568 | D:3      | Reached skill level 5 in Axes
  1808 | D:3      | Reached XP level 5. HP: 34/47 MP: 4/4
  1881 | D:3      | Found a glowing drain.
  1886 | Sewer    | Entered a sewer
  2144 | Sewer    | Reached **** piety under Trog
  2216 | Sewer    | Reached skill level 5 in Fighting
  2254 | Sewer    | Reached skill level 6 in Axes
  2293 | Sewer    | Reached XP level 6. HP: 56/56 MP: 5/5
  2742 | D:4      | Found a staircase to the Ecumenical Temple.
  2892 | D:4      | Reached skill level 7 in Axes
  3167 | D:4      | Reached skill level 5 in Armour
  3167 | D:4      | Reached XP level 7. HP: 56/62 MP: 6/6
  3458 | D:5      | Entered Level 5 of the Dungeon
  4076 | D:5      | Found a sparkling altar of Nemelex Xobeh.
  4559 | D:6      | Found a glowing golden altar of the Shining One.
  4559 | D:6      | Found a hazy altar of Hepliaklqana.
  4559 | D:6      | Found a snail-covered altar of Cheibriados.
  4559 | D:6      | Found a shimmering altar of Xom.
  4593 | D:6      | Found an ornate altar of the Wu Jian Council.
  4640 | D:6      | Reached skill level 8 in Axes
  4657 | D:6      | Reached XP level 8. HP: 49/71 MP: 7/7
  4737 | D:6      | Noticed Duvessa
  4754 | D:6      | Killed Duvessa
  4754 | D:6      | Reached skill level 9 in Axes
  5211 | D:6      | Noticed Dowan
  5231 | D:6      | Killed Dowan
  5231 | D:6      | Reached ***** piety under Trog
  5758 | D:7      | Reached skill level 10 in Axes
  5950 | D:7      | Reached XP level 9. HP: 75/81 MP: 8/8
  5958 | D:7      | Reached skill level 11 in Axes
  6634 | D:8      | Noticed anacleto's ghost (novice DsNe)
  6642 | D:8      | Killed anacleto's ghost
  6642 | D:8      | Reached skill level 12 in Axes
  6783 | D:8      | Reached XP level 10. HP: 90/91 MP: 9/9
  7616 | D:9      | Found a staircase to the Orcish Mines.
  7622 | D:9      | Received a gift from Trog
  7634 | D:9      | Reached skill level 13 in Axes
  7985 | D:9      | Reached skill level 10 in Fighting
  8496 | D:9      | Gained mutation: Potions are less effective at restoring your health. [potion of mutation]
  8496 | D:9      | Gained mutation: You are occasionally teleported next to monsters. [potion of mutation]
  8496 | D:9      | Gained mutation: Your system is resistant to poisons. (rPois) [potion of mutation]
  8497 | D:9      | Lost mutation: Your system is resistant to poisons. (rPois) [potion of mutation]
  8497 | D:9      | Lost mutation: You are occasionally teleported next to monsters. [potion of mutation]
  8497 | D:9      | Gained mutation: You have large cloven feet. [potion of mutation]
  8497 | D:9      | Gained mutation: Your flesh is heat resistant. (rF+) [potion of mutation]
  8725 | D:9      | Reached skill level 10 in Armour
  9213 | D:10     | Entered Level 10 of the Dungeon
  9547 | D:10     | Noticed Urug
  9558 | D:10     | Reached skill level 14 in Axes
  9562 | D:10     | Killed Urug
  9562 | D:10     | Reached XP level 11. HP: 24/101 MP: 10/10
 10346 | D:11     | Noticed a purple ugly thing
 10355 | D:11     | Killed a purple ugly thing
 10355 | D:11     | Reached ****** piety under Trog
 10621 | D:11     | Noticed a purple ugly thing
 10632 | D:11     | Killed a purple ugly thing
 10691 | D:11     | Noticed an unseen horror
 10691 | D:11     | a blink frog changed into an unseen horror
 10699 | D:11     | Killed an unseen horror
 10877 | D:11     | Found a staircase to the Lair.
 10895 | D:11     | Reached skill level 15 in Axes
 11423 | D:12     | Noticed an orc knight
 11432 | D:12     | Killed an orc knight
 11432 | D:12     | Received a gift from Trog
 11725 | D:12     | Noticed an eight-headed hydra
 11727 | D:12     | Noticed a cyan ugly thing
 11737 | D:12     | Killed an 11-headed hydra
 11738 | D:12     | Killed a cyan ugly thing
 12282 | D:12     | Reached XP level 12. HP: 101/112 MP: 11/11
 12284 | D:12     | Received a gift from Trog
 12638 | Lair:1   | Entered Level 1 of the Lair of Beasts
 12665 | Lair:1   | Reached skill level 16 in Axes
 12980 | Lair:1   | Found the +7 lajatang of Order {silver, rMut}
 13264 | Lair:2   | Found a hole to the Spider Nest.
 13846 | Lair:2   | Noticed a five-headed hydra
 13856 | Lair:2   | Killed a nine-headed hydra
 13856 | Lair:2   | Reached skill level 17 in Axes
 14802 | Lair:3   | Found a dark tunnel.
 14811 | Volcano  | Entered a volcano
 14907 | Volcano  | Noticed a fire dragon
 14910 | Volcano  | Killed a fire dragon
 14989 | Volcano  | Noticed a hell hog
 14994 | Volcano  | Received a gift from Trog
 14997 | Volcano  | Killed a hell hog
 15302 | Lair:3   | Found a staircase to the Shoals.
 15400 | Lair:3   | Reached XP level 13. HP: 58/122 MP: 12/12
 16085 | Lair:4   | Reached skill level 18 in Axes
 16965 | Lair:4   | Received a gift from Trog
 18042 | Lair:6   | Entered Level 6 of the Lair of Beasts
 18183 | Lair:6   | Reached skill level 19 in Axes
 18750 | Lair:6   | Reached XP level 14. HP: 116/133 MP: 13/13
 18762 | Lair:6   | Received a gift from Trog
 18768 | Lair:6   | Got an ichor-stained hand axe {god gift}
 18769 | Lair:6   | Identified the +3 hand axe of Guile {chop, rPois rF+ Str-2} (Trog gifted it to you on level 6 of the Lair of Beasts)
 19434 | Lair:6   | Reached skill level 15 in Fighting
 19446 | Lair:6   | Found a staircase to the Slime Pits.
 20194 | Orc:1    | Entered Level 1 of the Orcish Mines
 20621 | Orc:1    | Reached skill level 1 in Shields
 20902 | Orc:2    | Entered Level 2 of the Orcish Mines
 20902 | Orc:2    | Found a staircase to the Elven Halls.
 21322 | Orc:2    | Reached skill level 20 in Axes
 21383 | Orc:2    | Paralysed by an orc sorcerer for 5 turns
 21390 | Orc:2    | Received a gift from Trog
 21644 | Orc:2    | Noticed an orc warlord
 21715 | Orc:1    | Killed an orc warlord
 21715 | Orc:1    | Reached skill level 15 in Armour
 21890 | Orc:2    | Found a roughly hewn altar of Beogh.
 22159 | Orc:2    | Noticed Nergalle
 22206 | Orc:2    | Killed Nergalle
 22243 | Orc:2    | Found Quus's Antique Weapon Shop.
 22258 | Orc:2    | Found Vuxam's General Store.
 22297 | Orc:2    | Found Icidoin's Jewellery Shop.
 22313 | Orc:2    | Found Qouruk's Antique Armour Shop.
 22321 | Orc:2    | Bought a glowing plate armour for 780 gold pieces
 22803 | Orc:2    | Bought an uncursed amulet of the gourmand for 420 gold pieces
 23135 | D:13     | Noticed Azrael
 23148 | D:13     | Killed Azrael
 23442 | D:13     | Noticed Maurice
 23447 | D:13     | Killed Maurice
 23452 | D:13     | Received a gift from Trog
 23558 | D:13     | Reached XP level 15. HP: 129/141 MP: 14/14
 23685 | D:13     | Found Obliveso's Elemental Accessories.
 23851 | D:13     | Found a gate to the Vaults.
 23994 | D:14     | Found a portal to a secret trove of treasure.
 24025 | D:14     | Reached skill level 5 in Shields
 24563 | D:15     | Entered Level 15 of the Dungeon
 24590 | D:15     | HP: 9/214 [skeletal warrior/halberd[a skeletal warrior] (13)]
 24593 | D:15     | Received a gift from Trog
 24594 | D:15     | HP: 1/214 [skeletal warrior/halberd[a skeletal warrior] (9)]
 24595 | D:15     | Reached skill level 21 in Axes
 24597 | D:15     | Mangled by a skeletal warrior

Skill      XL: |  1  2  3  4  5  6  7  8  9 10 11 12 13 14 15 |
---------------+----------------------------------------------+-----
Axes           | 4 5 6 7 8 10 12 14 15 17 19 20 21 | 21.0
Fighting       | 4 5 6 7 9 10 12 13 14 15 | 15.9
Armour         | 3 4 5 6 7 9 10 11 13 14 15 | 15.7
Shields        | 4 6 |  6.0
Dodging        | |  2.7

Action                   |  1- 3 |  4- 6 |  7- 9 | 10-12 | 13-15 || total
-------------------------+-------+-------+-------+-------+-------++-------
Melee: Hand axe          |    70 |   237 |   162 |       |       ||   469
       Headbutt          |    12 |    31 |    49 |   101 |   160 ||   353
       Battleaxe         |       |       |    57 |   499 |       ||   556
       Kick              |       |       |       |   128 |   248 ||   376
       Broad axe         |       |       |       |    12 |   709 ||   721
Invok: Berserk           |       |     1 |     2 |     8 |     7 ||    18
       Burn Spellbooks   |       |       |     2 |     2 |     4 ||     8
       Trog's Hand       |       |       |       |     1 |       ||     1
  Use: Scroll            |     4 |     5 |     8 |    19 |     7 ||    43
       Potion            |       |     2 |     1 |     3 |       ||     6
 Stab: Invisible         |       |       |     1 |       |       ||     1
       Petrified         |       |       |       |       |     2 ||     2
  Eat: Chunk             |       |     9 |    13 |    30 |    40 ||    92
       Ration            |       |       |       |     2 |     2 ||     4
Armor: Scale mail        |    31 |    83 |    48 |       |       ||   162
       Animal skin       |     1 |       |       |       |       ||     1
       Chain mail        |       |       |    61 |    77 |       ||   138
       Plate armour      |       |       |       |   270 |   484 ||   754
Dodge: Dodged            |    45 |   153 |   103 |   248 |   256 ||   805
Block: Buckler           |       |       |       |       |    67 ||    67
